 Dungeon Crawl Stone Soup version 0.27.1-37-g7b29ead8ac (console) character file.

Game seed: 6054606391216242122

57 grimtooth the Caller (level 4, 0/30 HPs)
             Began as a Barachi Summoner on July 11, 2023.
             Slain by an orc wizard (2 damage)
             ... on level 3 of the Dungeon.
             The game lasted 00:08:45 (2054 turns).

grimtooth the Caller (Barachi Summoner)             Turns: 2054, Time: 00:08:46

Health: 0/30       AC:  3    Str:  9    XL:     4   Next: 0%
Magic:  4/7        EV: 12    Int: 17    God:
Gold:   72         SH:  0    Dex: 12    Spells: 4/7 levels left

rFire    + . .     SeeInvis .   c - +2 whip (elec)
rCold    + . .     Faith    .   (no shield)
rNeg     . . .     Spirit   .   a - +0 robe
rPois    +         Reflect  .   (no helmet)
rElec    +         Harm     .   (no cloak)
rCorr    +         Rampage  .   e - +0 pair of gloves
Will     .....                  (no boots)
Stlth    ++........             (no amulet)
HPRegen  0.10/turn              (no ring)
MPRegen  0.10/turn              (no ring)

@: resistant, on berserk cooldown, slowed, very slow
A: amphibious, slowness 1, strong legs 1, +LOS
a: Hop


You were on level 3 of the Dungeon.
You visited 1 branch of the dungeon, and saw 3 of its levels.

You collected 72 gold pieces.

Inventory:

Hand Weapons
 c - a +2 whip of electrocution (weapon)
Missiles
 b - 9 stones (quivered)
 l - 4 boomerangs
Armour
 a - a +0 robe (worn)
 e - a +0 pair of gloves (worn)
Scrolls
 d - a scroll of silence {unknown}
 f - 3 scrolls of identify {unknown}
 g - a scroll of summoning {unknown}
 h - a scroll of teleportation {unknown}
 i - a scroll of blinking {unknown}
 j - a scroll of amnesia {unknown}


   Skills:
 + Level 0.8 Maces & Flails
 - Level 2.1 Dodging
 - Level 1.7 Stealth
 + Level 2.4 Spellcasting
 * Level 6.3 Summonings


You had 4 spell levels left.
You knew the following spells:

 Your Spells              Type           Power      Damage    Failure   Level
L - Summon Small Mammal   Summ           92%        N/A       1%          1
P - Call Imp              Summ           23%        N/A       1%          2

Your spell library contained the following spells:

 Spells                   Type           Power      Damage    Failure   Level
 Call Canine Familiar     Summ           23%        N/A       4%          3
 Summon Guardian Golem    Hex/Summ       12%        N/A       16%         3
 Apportation              Tloc           4%         N/A       19%         1
 Blink                    Tloc           N/A        N/A       28%         2
 Summon Lightning Spire   Summ/Air       12%        N/A       45%         4
 Alistair's Intoxication  Tmut/Pois      1%         N/A       99%         5
 Manifold Assault         Tloc           2%         N/A       99%         5
 Invisibility             Hex            1%         N/A       100%        6
 Storm Form               Tmut/Air       1%         N/A       100%        7


Dungeon Overview and Level Annotations

Branches:
Dungeon (3/15)

Altars:
Xom

Annotations:
D:3 exclusion: adder


Innate Abilities, Weirdness & Mutations

You are amphibious.
You cover ground slowly.
You can hop short distances.
You have an extended range of vision and can be seen from far away.


Message History

Reactivating autopickup.
The orc wizard hits you with a +0 dagger. x2
The orc wizard hits you with a +0 dagger.
You feel less confused. The orc wizard misses you.
The orc wizard casts a spell.
The orc wizard flickers and vanishes!
Deactivating autopickup; reactivate with Ctrl-A.
You swap places.
Something hits your iron imp but does no damage. x2
Your bat disappears in a puff of smoke!
Something barely misses your iron imp.
You hear some strange, mumbled words.
Your iron imp resists with significant effort.
Something hits your iron imp but does no damage.
Something hits your iron imp but does no damage. x2
Your iron imp disappears in a puff of smoke!
Something hits you.
You barely miss something.
You hear some strange, mumbled words.
A magic dart appears from out of thin air!
The magic dart hits you.
You barely miss something. Something hits you.
* * * LOW HITPOINT WARNING * * *
The endoplasm closely misses you.
You miss something. Something hits you.
* * * LOW HITPOINT WARNING * * *
The endoplasm hits you.
* * * LOW HITPOINT WARNING * * *
You miss something.
An orc wizard appears from thin air!
Reactivating autopickup.
You hear some strange, mumbled words.
Deactivating autopickup; reactivate with Ctrl-A.
Something tries to affect you, but you resist.
The endoplasm closely misses you. Something hits you.
* * * LOW HITPOINT WARNING * * *
The endoplasm freezes you.
You are frozen.
You resist.
You barely miss something. Something hits you.
You die...

#...<.......S
#.##########.
##########.#
#..........#
#.########## #.##
#..########.#
#..........#
##....###.##
#.#..##.#
#.#{@..#
#.#J###.# #.#o).#
.# #.###{# .# #.#
#J# .# .# #.# #r#
# .# #{# .# ...
### .##. ##...
... ..#.
....#####>###...#
#........S.......


You could see an orc wizard and an endoplasm.

Vanquished Creatures
  An orc priest (D:3)
  An endoplasm (D:1)
  A giant cockroach (D:1)
  A goblin (D:1)
  4 hobgoblins
  A jackal (D:2)
  2 kobolds (D:1)
  3 quokkas
  A ball python (D:1)
  2 bats (D:2)
  2 frilled lizards (D:1)
  A rat (D:1)
20 creatures vanquished.

Vanquished Creatures (collateral kills)
  A dart slug (D:1)
  A worm (D:2)
  An orc (D:3)
  An endoplasm (D:1)
  A hobgoblin (D:1)
  A jackal (D:2)
  A quokka (D:1)
  A bat (D:3)
  3 kobolds (D:1)
11 creatures vanquished.

Vanquished Creatures (others)
  5 toadstools (D:3)
5 creatures vanquished.

Grand Total: 36 creatures vanquished

Notes
Turn   | Place    | Note
-------+----------+-------------------------------------------
     0 | D:1      | grimtooth the Barachi Summoner began the quest for the Orb.
     0 | D:1      | Reached XP level 1. HP: 13/13 MP: 3/3
   193 | D:1      | Reached skill level 5 in Summonings
   319 | D:1      | Reached XP level 2. HP: 16/19 MP: 3/5
   602 | D:1      | Found a faded altar of an unknown god.
  1276 | D:1      | Learned a level 2 spell: Call Imp
  1517 | D:2      | Found a shimmering altar of Xom.
  1551 | D:2      | Reached XP level 3. HP: 20/24 MP: 0/6
  1630 | D:2      | Reached skill level 6 in Summonings
  2034 | D:3      | Reached XP level 4. HP: 30/30 MP: 1/7
  2054 | D:3      | Slain by an orc wizard

Illustrated notes

Levels and vault maps discovered:
D:1:      evilmike_arrival_plus, layout_basic,
          ebering_ecumenical_altar_sacrificial
D:2:      layout_basic, basic_altar, hangedman_decor_lopped
D:3:      lemuel_castle_with_subvaults [lemuel_castle_interior_carwin_1],
          layout_loops_ring, worldfamousw_hep_ancestral_shrine,
          minmay_gold_behind_fungi, minmay_misc_feat_square

Skill      XL: |  1  2  3 |
---------------+----------+-----
Summonings     | 5 6 |  6.3
Maces & Flails | |  0.8
Dodging        | |  2.1
Stealth        | |  1.7
Spellcasting   | |  2.4

Action                   |  1- 3 |  4- 6 || total
-------------------------+-------+-------++-------
Melee: Whip              |    46 |     5 ||    51
Throw: Stone             |     6 |       ||     6
 Cast: Summon Small Mamm |    30 |       ||    30
       Call Imp          |     6 |       ||     6
  Use: Potion            |       |     2 ||     2
 Stab: Sleeping          |     3 |       ||     3
Armor: Robe              |    13 |       ||    13
Dodge: Dodged            |    47 |     3 ||    50
